 Dungeon Crawl Stone Soup version 0.30.0-30-g96aa6591b8 (webtiles) character file.

Game seed: 11814167619350476059

1813 monsoonserge the Caller (level 8, -3/62 HPs)
             Began as a Yellow Draconian Summoner on June 26, 2023.
             Killed by an exploding themself (48 damage)
             ... ignited by their inner flame
             ... on level 5 of the Dungeon.
             The game lasted 00:26:48 (4870 turns).

monsoonserge the Caller (Yellow Draconian Summoner) Turns: 4870, Time: 00:26:48

Health: -3/62      AC:  7    Str: 10    XL:     8   Next: 84%
Magic:  4/15       EV: 13    Int: 17    God:
Gold:   214        SH:  5    Dex: 13    Spells: 4/17 levels left

rFire   . . .        v - +0 halberd
rCold   . . .        (shield currently unavailable)
rNeg    . . .        (body armour unavailable)
rPois   .            (helmet restricted)
rElec   .            (no cloak)
rCorr   +            l - +0 pair of gloves
SInv    .            (no boots)
Will    .....        k - amulet of reflection
Stlth   ++           (no ring)
HPRegen 0.30/turn    (no ring)
MPRegen 0.14/turn

%: reflection
@: no status effects
A: spit acid, AC +6, unfitting armour, cold-blooded, acid resistance
a: Breathe Acid


You were on level 5 of the Dungeon.
You visited 1 branch of the dungeon, and saw 5 of its levels.

You collected 214 gold pieces.

Inventory:

Hand Weapons
 g - a +0 rapier
 m - a +0 war axe
 u - a +0 long sword
 v - a +0 halberd (weapon)
 E - a +0 spear
Armour
 l - a +0 pair of gloves (worn)
 B - a +0 buckler
Jewellery
 k - an amulet of reflection (around neck)
Wands
 o - a wand of charming (8)
 t - a wand of roots (4)
 A - a wand of polymorph (14)
Scrolls
 c - 6 scrolls of teleportation {unknown}
 f - 3 scrolls of torment {unknown}
 j - a scroll of immolation {unknown}
 q - a scroll of enchant armour {unknown}
 r - 2 scrolls of noise {unknown}
 s - 2 scrolls of fear {unknown}
 w - 2 scrolls of identify {unknown}
 x - a scroll of fog {unknown}
 y - a scroll of silence {unknown}
 z - a scroll of enchant weapon {unknown}
 C - a scroll of magic mapping {unknown}
 D - 2 scrolls of amnesia {unknown}
Potions
 a - a potion of magic
 b - 2 potions of curing {unknown}
 d - 3 potions of heal wounds {unknown}
 e - 2 potions of attraction {unknown}
 h - a potion of lignification {unknown}
 i - 2 potions of haste {unknown}
 n - a potion of degeneration {unknown}
 p - a potion of brilliance {unknown}
 F - a potion of berserk rage {unknown}


   Skills:
 + Level 2.9 Fighting
 + Level 0.7 Short Blades
 - Level 0.9(3.0) Axes
 + Level 4.6 Polearms
 + Level 4.1 Dodging
 - Level 2.0 Stealth
 + Level 1.9 Shields
 - Level 1.0 Unarmed Combat
 - Level 5.0 Spellcasting
 - Level 2.0 Hexes
 + Level 7.4 Summonings


You had 4 spell levels left.
You knew the following spells:

 Your Spells              Type           Power      Damage    Failure   Level
a - Summon Small Mammal   Summ           100%       N/A       1%          1
b - Call Imp              Summ           58%        N/A       1%          2
c - Summon Guardian Gole  Hex/Summ       20%        N/A       6%          3
d - Call Canine Familiar  Summ           29%        N/A       1%          3
e - Summon Lightning Spi  Summ/Air       16%        N/A       30%         4

Your spell library contained the following spells:

 Spells                   Type           Power      Damage    Failure   Level
 Sting                    Tmut/Pois      16%        1d3       14%         1
 Poisonous Vapours        Pois/Air       8%         N/A       22%         2
 Animate Dead             Necr           4%         N/A       80%         4
 Olgreb's Toxic Radiance  Pois           4%         N/A       80%         4
 Haunt                    Necr/Summ      8%         N/A       100%        7
 Infestation              Necr           2%         N/A       100%        8


Dungeon Overview and Level Annotations

Branches:
Dungeon (5/15)
 Temple: D:4-7

Altars:
Elyvilon
Ru
Zin
The Shining One

Shops:
D:1 ?


Innate Abilities, Weirdness & Mutations

You can spit globs of acid.
Your golden yellow scales are hard. (AC +6)
You cannot fit into any form of body armour.
You are cold-blooded and may be slowed by cold attacks.
You are resistant to acid. (rCorr)


Message History

Something completely misses your cerulean imp.
The orc priest hits your guardian golem but does no damage.
You hear some strange, mumbled words.
A magic dart appears from out of thin air!
The magic dart hits you. The orc hits you but does no damage.
The orc closely misses your cerulean imp.
Unknown command.
Something hits your cerulean imp.
The orc priest hits your guardian golem with a +0 dagger.
Something hits you.
Your cerulean imp hits you with a -2 spear.
Your cerulean imp hits itself with a -2 spear.
The orc barely misses you.
The orc hits your cerulean imp with a +0 hand axe.
Your cerulean imp dies!
Your cerulean imp disappears in a puff of smoke!
Your guardian golem overheats!
The orc priest hits your guardian golem but does no damage.
Something hits you. The orc hits you but does no damage.
Unknown command.
Something hits you but does no damage. The orc hits you but does no damage.
Something barely misses you.
Unknown command.
You feel less confused.
You hear some strange, mumbled words.
A puff of flame appears from out of thin air!
The puff of flame misses you.
The orc priest hits your guardian golem with a +0 dagger.
Flame seeps out of your guardian golem. Something barely misses you.
You block the orc's attack.
You swap places.
Something barely misses you.
The orc priest mumbles some strange prayers to Beogh against your guardian golem.
Your guardian golem is smitten.
Flame seeps out of your guardian golem.
Your guardian golem is engulfed in blazing flames.
Your guardian golem disappears in a puff of smoke!
Your guardian golem explodes!
The fiery explosion engulfs you!!!
Ouch! That really hurt!
You die...

#.............#
#....)........#
#......).....#
#..........###
#.........##
#........##
##.....§§##
##.....§○o##
.....§.@{§.#
.......o....#
.....#.P....#
....##.~~...#
.... #.~~~~..#
##. #.~~~....#
#.~~..P...
...........


You could see an orc priest (unaware) and an orc.

Vanquished Creatures
  Grinder (D:4)
  Menkaure (D:4)
  A steam dragon (D:4)
  An ogre (D:4)
  A scorpion (D:4)
  A water moccasin zombie (D:5)
  A howler monkey (D:5)
  A bullfrog zombie (D:5)
  2 hounds (D:4)
  A jelly (D:3)
  A centaur skeleton (D:5)
  A killer bee zombie (D:5)
  A hound zombie (D:5)
  A gnoll (D:3)
  2 adders (D:4)
  An adder zombie (D:5)
  2 worms (D:2)
  2 dart slugs
  3 orcs
  2 endoplasms
  3 giant cockroaches
  5 goblins
  4 hobgoblins
  5 jackals (D:1)
  A quokka (D:1)
  3 ball pythons
  7 bats
  A frilled lizard (D:2)
  A kobold (D:3)
  4 rats
61 creatures vanquished.

Vanquished Creatures (collateral kills)
  A water moccasin (D:5)
  An ogre (D:4)
  A scorpion (D:5)
  2 bullfrog zombies (D:5)
  A centaur zombie (D:5)
  2 gnolls (D:3)
  An adder (D:5)
  A worm (D:2)
  3 dart slugs
  4 orcs
  8 ball pythons
  A bat (D:1)
  3 endoplasms
  A giant cockroach (D:1)
  4 goblins
  A hobgoblin (D:2)
  A jackal (D:1)
  4 quokkas (D:3)
  5 kobolds
  A rat (D:1)
46 creatures vanquished.

Vanquished Creatures (others)
  An ice beast (D:5)
  A phantom (D:5)
  A scorpion (D:5)
  A water moccasin skeleton (D:5)
  A howler monkey (D:4)
  A bullfrog zombie (D:5)
  A bullfrog skeleton (D:5)
  A hound (D:5)
  An adder (D:4)
  2 orcs (D:5)
11 creatures vanquished.

Grand Total: 118 creatures vanquished

Notes
Turn   | Place    | Note
-------+----------+-------------------------------------------
     0 | D:1      | monsoonserge the Draconian Summoner began the quest for the
                  | Orb.
     0 | D:1      | Reached XP level 1. HP: 14/14 MP: 3/3
   171 | D:1      | Reached XP level 2. HP: 20/20 MP: 1/5
   193 | D:1      | Learned a level 2 spell: Call Imp
   318 | D:1      | Found Zuhul's Magic Scroll Emporium.
   477 | D:1      | Reached XP level 3. HP: 26/26 MP: 3/6
  1080 | D:2      | Reached skill level 5 in Summonings
  1510 | D:2      | Reached skill level 1 in Unarmed Combat
  1574 | D:2      | Reached XP level 4. HP: 31/33 MP: 7/7
  1913 | D:3      | Learned a level 3 spell: Summon Guardian Golem
  2126 | D:3      | Reached skill level 1 in Hexes
  2126 | D:3      | Reached XP level 5. HP: 29/39 MP: 5/8
  2453 | D:3      | Found a glowing golden altar of the Shining One.
  2453 | D:3      | Found a glowing silver altar of Zin.
  2454 | D:3      | Found a white marble altar of Elyvilon.
  2823 | D:4      | Noticed an ogre
  2832 | D:4      | Noticed Grinder
  2835 | D:4      | Killed an ogre
  2836 | D:4      | Reached skill level 1 in Fighting
  2836 | D:4      | Reached skill level 1 in Polearms
  2842 | D:4      | Reached XP level 6. HP: 47/47 MP: 3/9
  2851 | D:4      | Paralysed by Grinder for 3 turns
  2856 | D:4      | Killed Grinder
  2857 | D:4      | Reached skill level 1 in Shields
  2857 | D:4      | Your scales start taking on a golden yellow colour.
  2857 | D:4      | Reached XP level 7. HP: 33/52 MP: 0/11
  2857 | D:4      | Gained mutation: You are resistant to acid. (rCorr) [Yellow
                  | Draconian growth]
  3614 | D:4      | Reached skill level 6 in Summonings
  3619 | D:4      | Learned a level 3 spell: Call Canine Familiar
  3841 | D:4      | Noticed Menkaure
  3858 | D:4      | Killed Menkaure
  4053 | D:4      | Found a sacrificial altar of Ru.
  4190 | D:5      | Entered Level 5 of the Dungeon
  4251 | D:5      | Noticed a steam dragon
  4259 | D:4      | Killed a steam dragon
  4540 | D:5      | Reached XP level 8. HP: 35/61 MP: 4/14
  4676 | D:5      | Reached skill level 7 in Summonings
  4832 | D:5      | Reached skill level 5 in Spellcasting
  4837 | D:5      | Learned a level 4 spell: Summon Lightning Spire
  4870 | D:5      | Killed by an exploding themself... ignited by their inner
                  | flame

Illustrated notes

Levels and vault maps discovered:
D:1:      minmay_arrival_four_circles, layout_loops_corners, serial_shops,
          nicolae_shop_tiny_glass, minmay_misc_feat_five, minmay_misc_feat_x
D:2:      layout_basic
D:3:      layout_loops_ring, good_gods_temple_1, kennysheep_nub,
          grunt_ministairs_13
D:4:      cheibrodos_old_hovel, layout_loops_cross, nicolae_ru_path_of_blood,
          serial_rivers, chequers_serial_rivers_room_a,
          chequers_serial_rivers_room_b, chequers_serial_rivers_room_a,
          chequers_serial_rivers_micro_b, chequers_serial_rivers_large_b,
          chequers_serial_rivers_micro_d, minmay_misc_feat_hallway,
          minmay_fractal_squares_5, uniq_grinder, uniq_menkaure
D:5:      layout_layer_cave, serial_undead, serial_undead_f, serial_undead_a,
          serial_undead_c, serial_undead_d, serial_undead_e, serial_undead_f

Skill      XL: |  1  2  3  4  5  6  7  8 |
---------------+-------------------------+-----
Stealth        | 2 |  2.0
Summonings     | 5 6 7 |  7.4
Dodging        | 2 3 4 |  4.1
Unarmed Combat | 1 |  1.0
Hexes          | 1 2 |  2.0
Fighting       | 1 2 |  2.9
Polearms       | 1 2 3 4 |  4.6
Shields        | 1 |  1.9
Spellcasting   | 3 4 5 |  5.0
Short Blades   | |  0.7
Axes           | |  0.9

Action                     |  1- 3 |  4- 6 |  7- 9 || total
---------------------------+-------+-------+-------++-------
  Melee: Unarmed           |    35 |       |       ||    35
         Punch             |     2 |     1 |       ||     3
         Tailslap          |    11 |     6 |     7 ||    24
         Club              |     2 |       |       ||     2
         Short sword       |    43 |       |       ||    43
         War axe           |    19 |    36 |       ||    55
         Rapier            |    15 |       |       ||    15
         Halberd           |       |    51 |    75 ||   126
   Cast: Summon Small Mamm |    27 |    10 |    20 ||    57
         Call Imp          |    12 |     8 |    17 ||    37
         Summon Guardian G |       |     3 |     4 ||     7
         Call Canine Famil |       |       |     8 ||     8
Ability: Breathe Acid      |       |       |     1 ||     1
   Stab: Sleeping          |     7 |     1 |       ||     8
         Distracted        |     1 |     2 |     2 ||     5
 Armour: Skin              |    44 |    24 |    55 ||   123
  Dodge: Dodged            |    82 |    55 |    75 ||   212
  Block: Other             |     7 |    26 |    25 ||    58
